Map: Void Thrashing

Players

sTkmonk

  • Race: Terran Terran
  • Spawn Location: 9:00

monk

  • Race: Protoss Protoss
  • Spawn Location: 6:00

VOD

Have the link to the VOD?

Description

Time

  • Played on: Aug. 16, 2017, 1:06 a.m.
  • Length: 14:45
Show
View Real Time Build Order
Export as new Build Order

sTkmonk Terran 

Build Orders:  

Get SALT Encoding   

Show
View Real Time Build Order
Export as new Build Order

monk Protoss 

Build Orders:  

Get SALT Encoding   

  12  0:00  Probe (Chrono Boost)  
  13  0:12  Probe (Chrono Boost)  
  14  0:24  Probe (Chrono Boost)  
  15  1:06  Nexus  
  15  1:16  Pylon  
  15  1:18  Probe (Chrono Boost)  
  16  1:30  Probe (Chrono Boost)  
  16  1:36  Assimilator  
  17  1:42  Probe (Chrono Boost)  
  17  1:49  Assimilator  
  18  1:54  Probe (Chrono Boost)  
  19  2:06  Probe (Chrono Boost)  
  20  2:14  Gateway  
  20  2:18  Probe (Chrono Boost)  
  21  2:30  Probe (Chrono Boost)  
  22  2:42  Probe (Chrono Boost)  
  22  2:44  Probe (Chrono Boost)  
  24  2:54  Probe (Chrono Boost)  
  24  2:57  Probe (Chrono Boost)  
  26  3:06  Probe (Chrono Boost)  
  26  3:09  Probe (Chrono Boost)  
  27  3:13  Sentinel (Chrono Boost)  
  27  3:17  Probe (Chrono Boost)  
  28  3:21  Solar Efficiency Level 1  
  28  3:23  Probe  
  28  3:28  Probe  
  32  3:37  Probe  
  33  3:40  Probe  
  33  3:46  Sentinel (Chrono Boost)  
  35  3:52  Probe  
  35  3:56  Probe  
  35  3:59  Pylon  
  39  4:12  Probe (Chrono Boost)  
  39  4:13  Probe (Chrono Boost)  
  41  4:26  Probe (Chrono Boost)  
  41  4:27  Cybernetics Core, Probe (Chrono Boost)  
  43  4:38  Probe (Chrono Boost), Forge  
  43  4:39  Protoss Ground Weapons Level 1 (Chrono Boost), Probe (Chrono Boost)  
  43  4:45  Assimilator  
  43  4:49  Pylon  
  45  4:50  Probe (Chrono Boost)  
  45  4:51  Probe (Chrono Boost)  
  47  5:02  Probe (Chrono Boost)  
  47  5:03  Probe (Chrono Boost)  
  49  5:14  Probe (Chrono Boost)  
  49  5:15  Probe (Chrono Boost), Warp Gate  
  49  5:17  Protoss Ground Weapons Level 2 (Chrono Boost)  
  51  5:26  Probe (Chrono Boost)  
  51  5:27  Probe (Chrono Boost)  
  52  5:31  Twilight Council  
  52  5:33  Assimilator  
  53  5:41  Energizer  
  53  5:44  Pylon  
  55  5:52  Reconstruction (Chrono Boost)  
  55  5:54  Robotics Facility  
  55  6:08  Gateway  
  55  6:27  Immortal  
  55  6:30  Gateway  
  55  6:32  Gateway, Charge (Chrono Boost)  
  55  6:36  Gateway  
  55  6:40  Gateway, Reclamation (Chrono Boost)  
  55  6:49  Pylon  
  54  7:08  Energizer  
  56  7:13  Probe  
  60  7:20  Sentinel  
  63  7:32  Protoss Ground Weapons Level 3  
  63  7:45  Sentinel  
  63  7:47  Sentinel  
  67  7:55  Immortal  
  67  8:01  Pylon  
  67  8:03  Sentinel  
  67  8:04  Energizer  
  75  8:11  Rapid Recharging (Chrono Boost), Sentinel  
  77  8:20  Pylon  
  77  8:27  Sentinel x3  
  83  8:52  Sentinel  
  83  8:53  Immortal  
  83  8:59  Pylon  
  89  9:13  Sentinel  
  89  9:16  Sentinel  
  89  9:17  Energizer, Sentinel  
  89  9:18  Energizer, Sentinel  
  93  9:20  Pylon  
  93  9:22  Sentinel  
  93  9:23  Sentinel  
  93  9:25  Sentinel  
  93  9:27  Sentinel  
  93  9:30  Energizer, Sentinel x2  
  93  9:31  Sentinel  
  93  9:38  Sentinel  
  101  9:45  Pylon  
  101  9:55  Energizer  
  101  9:56  Energizer  
  105  10:03  Sentinel x2  
  105  10:05  Sentinel  
  109  10:15  Observer  
  109  10:18  Pylon x2  
  106  10:33  Energizer  
  106  10:35  Sentinel x5  
  118  10:41  Observer  
  118  10:44  Pylon  
  118  10:45  Sentinel  
  118  10:47  Gateway  
  118  10:48  Gateway  
  119  10:50  Sentinel  
  119  10:58  Pylon  
  119  11:02  Energizer, Immortal (Chrono Boost)  
  119  11:03  Energizer  
  123  11:12  Sentinel  
  123  11:14  Sentinel x2  
  123  11:15  Sentinel x2  
  123  11:16  Sentinel  
  129  11:21  Sentinel  
  129  11:22  Sentinel  
  129  11:23  Sentinel  
  129  11:24  Sentinel  
  129  11:25  Pylon  
  129  11:26  Energizer  
  129  11:27  Sentinel  
  129  11:35  Energizer  
  129  11:36  Sentinel x3  
  133  11:54  Sentinel x2  
  133  11:55  Immortal (Chrono Boost)  
  133  12:09  Sentinel x4  
  137  12:26  Energizer  
  137  12:28  Sentinel  
  137  12:29  Sentinel x3  
  147  12:34  Sentinel  
  147  12:36  Sentinel  
  147  12:37  Sentinel  
  147  12:38  Sentinel x3  
  147  12:39  Sentinel, Immortal (Chrono Boost)  
  147  12:44  Sentinel  
  147  12:46  Pylon  
  147  12:47  Sentinel  
  153  12:51  Energizer x2, Pylon  
  153  12:54  Sentinel  
  153  12:56  Sentinel  
  157  13:00  Sentinel  
  157  13:01  Sentinel x2  
  157  13:02  Sentinel  
  157  13:05  Sentinel  
  157  13:07  Sentinel  
  157  13:08  Sentinel  
  157  13:10  Sentinel  
  157  13:11  Sentinel  
  157  13:13  Sentinel  
  157  13:15  Sentinel  
  157  13:17  Sentinel  
  143  13:20  Sentinel x7  
  143  13:23  Pylon  
  143  13:25  Sentinel  
  143  13:28  Energizer  
  143  13:29  Energizer  
  131  13:42  Sentinel  
  131  13:45  Sentinel x4  
  131  13:46  Sentinel x2  
  133  13:55  Energizer x2  
  133  14:03  Sentinel x2  
  133  14:04  Sentinel x3  
Tags
 
Commander
KaraxRaynor
Matchup
Co-op
Replay Pack
Co-op Speedrun
Add a new tag
Caveats
  • Supply blocks, unpowered buildings, or Contaminate may cause inaccurate times.
  • Supply counts are checked every 10 seconds.